 Dungeon Crawl Stone Soup version 0.27-a0-1245-g940ed4fa31 (webtiles) character file.

Game seed: 5612212564531816337

307 polve the Skirmisher (level 6, -1/52 HPs)
             Began as a Demonspawn Abyssal Knight on June 9, 2021.
             Was a Believer of Lugonu.
             Slain by a phantom (3 damage)
             ... on level 3 of the Dungeon.
             The game lasted 00:02:28 (2820 turns).

polve the Skirmisher (Demonspawn Abyssal Knight)    Turns: 2820, Time: 00:02:28

Health: -1/52      AC: 10    Str: 20    XL:     6   Next: 16%
Magic:  6/7        EV: 11    Int: 13    God:    Lugonu [**....]
Gold:   252        SH:  0    Dex: 17    Spells: 5/5 levels left

rFire    + . .     SeeInvis .   a - +1 short sword
rCold    . . .     Faith    .   (no shield)
rNeg     . . .     Spirit   .   t - +0 chain mail {rF+}
rPois    .         Reflect  .   s - +0 helmet
rElec    .         Harm     .   d - +0 cloak
rCorr    .         Rampage  .   (no gloves)
Will     .....                  (no boots)
Stlth    +.........             (no amulet)
HPRegen  0.17/turn              f - +4 ring of evasion
MPRegen  0.10/turn              r - +6 ring of strength

@: no status effects
A: thin skeletal structure 2, spiny 1
a: Renounce Religion, Depart the Abyss, Bend Space


You were on level 3 of the Dungeon.
You worshipped Lugonu.
Lugonu was pleased with you.
You visited 1 branch of the dungeon, and saw 4 of its levels.
You visited the Abyss 1 time.

You collected 252 gold pieces.

Inventory:

Hand Weapons
 a - a +1 short sword (weapon)
Missiles
 p - 2 throwing nets
Armour
 d - a +0 cloak (worn)
 s - a +0 helmet (worn)
 t - a +0 chain mail of fire resistance (worn)
Jewellery
 f - a +4 ring of evasion (left hand)
 g - a ring of willpower
 i - a +4 ring of evasion
 q - a ring of protection from cold
 r - a +6 ring of strength (right hand)
Scrolls
 c - a scroll of enchant armour {unknown}
 j - 6 scrolls of identify {unknown}
 k - a scroll of noise {unknown}
 l - a scroll of brand weapon {unknown}
 o - 2 scrolls of fear {unknown}
Potions
 e - a potion of lignification {unknown}
 h - a potion of heal wounds {unknown}
 m - a potion of might {unknown}


   Skills:
 + Level 5.7 Fighting
 - Level 4.0 Short Blades
 - Level 1.7 Armour
 - Level 0.8 Dodging
 - Level 2.4 Invocations


You had 5 spell levels left.
You didn't know any spells.
Your spell library contained the following spells:

 Spells                   Type           Power      Damage    Failure   Level
 Confusing Touch          Hex            0%         N/A       100%        3
 Gell's Gravitas          Tloc           0%         N/A       100%        3
 Petrify                  Tmut/Erth      0%         N/A       100%        4
 Metabolic Englaciation   Hex/Ice        0%         N/A       100%        5
 Yara's Violent Unravell  Hex/Tmut       0%         3d3       100%        5


Dungeon Overview and Level Annotations

Branches:
Dungeon (4/15)
 Temple: D:4-7

Altars:
Trog

Shops:
D:3 =


Innate Abilities, Weirdness & Mutations

You have a moderately thin skeletal structure. (Dex +4, Stealth++)
You are partially covered in sharp spines.


Message History

Lugonu accepts your kill.
Reactivating autopickup.
You feel a bit more experienced. The phantom hits you.
The phantom blinks!
You blink.
You hit the phantom.
The phantom is lightly damaged.
The phantom hits you.
* * * LOW HITPOINT WARNING * * *
You hit the phantom.
The phantom is moderately damaged.
You hit the phantom.
The phantom is moderately damaged.
The phantom hits you!
* * * LOW HITPOINT WARNING * * *
You hit the phantom but do no damage.
The phantom is moderately damaged.
The phantom hits you but does no damage.
You closely miss the phantom.
The phantom is moderately damaged.
The phantom is struck by your spines. The phantom barely misses you.
There is a stone staircase leading up here.
The phantom hits you but does no damage.
You climb upwards.
There is a stone staircase leading down here.
You fail to use your ability.
The phantom is struck by your spines. The phantom closely misses you.
Space bends around you!
You blink.
Space bends around you!
You blink.
Space bends around you!
You blink.
The phantom is struck by your spines. The phantom barely misses you.
You closely miss the phantom.
The phantom is severely damaged.
The phantom hits you but does no damage.
You hit the phantom.
The phantom is severely damaged.
The phantom hits you but does no damage.
You hit the phantom but do no damage.
The phantom is severely damaged.
The phantom hits you.
You die...

##.>...#.......###.....
##......................
#.................#.....
#.......[.>.....#.......
#...............#.#.....
#.................#.....
#.......................
#.....W.........###.....
##.....@.......## #####.
##.....#.....## #.
############# ##


You could see a phantom.

Vanquished Creatures
  A sky beast (D:3)
  An orc priest (D:3)
  2 orc wizards (D:4)
  4 adders
  A worm (D:3)
  5 orcs
  5 bats
  12 endoplasms
  3 giant cockroaches
  7 goblins
  4 hobgoblins
  A quokka (D:2)
  4 ball pythons
  9 frilled lizards
  4 kobolds
63 creatures vanquished.

Vanquished Creatures (others)
  2 orc wizards (D:4)
2 creatures vanquished.

Grand Total: 65 creatures vanquished

Notes
Turn   | Place    | Note
-------+----------+-------------------------------------------
     0 | Abyss:1  | polve the Demonspawn Abyssal Knight began the quest for the
                  | Orb.
     0 | Abyss:1  | Reached XP level 1. HP: 18/18 MP: 2/2
    48 | Abyss:1  | Noticed a titan skeleton
    62 | Abyss:1  | Noticed a kobold demonologist
    76 | Abyss:1  | Noticed a smoke demon
    80 | D:1      | Escaped the Abyss
   492 | D:1      | Found a faded altar of an unknown god.
   512 | D:1      | Reached * piety under Lugonu
   530 | D:1      | Gained mutation: You are partially covered in sharp spines.
                  | [demonic ancestry]
   530 | D:1      | Reached XP level 2. HP: 24/24 MP: 3/3
  1536 | D:2      | Reached XP level 3. HP: 25/29 MP: 4/4
  2048 | D:3      | Reached XP level 4. HP: 23/35 MP: 5/5
  2213 | D:3      | Found a bloodstained altar of Trog.
  2299 | D:3      | Reached ** piety under Lugonu
  2380 | D:3      | Found Ixeathom's Jewellery Boutique.
  2534 | D:3      | Noticed a sky beast
  2547 | D:3      | Killed a sky beast
  2548 | D:3      | Reached skill level 4 in Fighting
  2548 | D:3      | Gained mutation: You have a somewhat thin skeletal
                  | structure. (Dex +2, Stealth+) [demonic ancestry]
  2548 | D:3      | Reached XP level 5. HP: 37/43 MP: 6/6
  2733 | D:4      | Reached skill level 5 in Fighting
  2766 | D:4      | Gained mutation: You have a moderately thin skeletal
                  | structure. (Dex +4, Stealth++) [demonic ancestry]
  2766 | D:4      | Reached XP level 6. HP: 32/51 MP: 7/7
  2820 | D:3      | Slain by a phantom

Illustrated notes

Levels and vault maps discovered:
D:1:      roderic_crossed_star, layout_basic, basic_ecumenical_altar
D:2:      layout_rooms, mrwooster_statue_mirror, minmay_pentomino_u4
D:3:      layout_rooms, trog_hazing_becter, serial_shops,
          nicolae_shop_competitors_out_of_business
D:4:      layout_loops_ring, worldfamousw_hep_ancestral_shrine,
          amcnicky_altar_gilded, uniq_ijyb, uniq_crazy_yiuf_cottage

Skill      XL: |  1  2  3  4  5 |
---------------+----------------+-----
Short Blades   | 2 3 4 |  4.0
Fighting       | 4 5 |  5.7
Armour         | |  1.7
Dodging        | |  0.8
Invocations    | |  2.4

Action                   |  1- 3 |  4- 6 || total
-------------------------+-------+-------++-------
Melee: Short sword       |    93 |   105 ||   198
Invok: Depart the Abyss  |     1 |       ||     1
       Bend Space        |       |     3 ||     3
 Stab: Sleeping          |     1 |       ||     1
Armor: Leather armour    |    18 |       ||    18
       Scale mail        |    13 |    13 ||    26
       Chain mail        |       |    20 ||    20
Dodge: Dodged            |    65 |    44 ||   109

Table legend: (Time is in decaauts)
 A = Elapsed time spent in this place.
 B = Non-inter-level travel time spent in this place.
 C = Inter-level travel time spent in this place.
 D = Time resting spent in this place.
 E = Time spent auto-exploring this place.
 F = Levels seen in this place.
 G = Mean time per level.
                   A        B        C        D        E       F      G
               +--------+--------+--------+--------+--------+-----+--------+
         Total |   2801 |   2732 |     69 |      0 |   2212 |   5 |  560.2 |
       Dungeon |   2721 |   2652 |     69 |      0 |   2164 |   4 |  680.2 |
         Abyss |     80 |     80 |      0 |      0 |     48 |   1 |   80.0 |
               +--------+--------+--------+--------+--------+-----+--------+

Top non-repeatable levels by time:
     D:1: 1263 daAuts
     D:3: 691 daAuts
     D:2: 644 daAuts
     D:4: 123 daAuts
 Abyss:1: 80 daAuts
